 Dungeon Crawl Stone Soup version 0.27-a0-1232-gc6a4cbde82 (webtiles) character file.

Game seed: 13350470891646890797

44 benadryl the Skirmisher (level 3, -8/24 HPs)
             Began as a Gargoyle Fighter on June 8, 2021.
             Mangled by a gnoll
             ... wielding a +4 halberd
              (9 damage)
             ... on level 2 of the Dungeon.
             The game lasted 00:01:21 (1693 turns).

benadryl the Skirmisher (Gargoyle Fighter)          Turns: 1693, Time: 00:01:22

Health: -8/24      AC: 11    Str: 20    XL:     3   Next: 62%
Magic:  3/3        EV:  7    Int:  8    God:
Gold:   42         SH:  9    Dex:  9    Spells: 2/2 levels left

rFire    . . .     SeeInvis .   a - +0 war axe
rCold    . . .     Faith    .   c - +0 kite shield
rNeg     + . .     Spirit   .   b - +0 scale mail
rPois    ∞         Reflect  .   i - +0 helmet
rElec    +         Harm     .   (no cloak)
rCorr    .         Rampage  .   (no gloves)
Will     .....                  (no boots)
Stlth    ..........             (no amulet)
HPRegen  0.08/turn              (no ring)
MPRegen  0.08/turn              (no ring)

@: mighty
A: sickness immunity, AC +3, negative energy resistance 1, electricity
resistance, torment resistance 1, petrification resistance
a: no special abilities


You were on level 2 of the Dungeon.
You visited 1 branch of the dungeon, and saw 2 of its levels.

You collected 42 gold pieces.

Inventory:

Hand Weapons
 a - a +0 war axe (weapon)
Armour
 b - a +0 scale mail (worn)
 c - a +0 kite shield (worn)
 i - a +0 helmet (worn)
Jewellery
 e - a ring of flight
 j - a +6 ring of dexterity
Scrolls
 g - 2 scrolls of identify {@r1}
 k - a scroll of holy word {unknown}
Potions
 d - a potion of might
 f - a potion of flight
 h - 2 potions of mutation


   Skills:
 + Level 3.7 Fighting
 * Level 2.8 Axes
 - Level 3.2 Armour
 + Level 3.7 Shields


You had 2 spell levels left.
You didn't know any spells.
Your spell library contained the following spells:

 Spells                   Type           Power      Damage    Failure   Level
 Magic Dart               Conj           0%         1d3       99%         1
 Blink                    Tloc           N/A        N/A       100%        2
 Call Imp                 Summ           0%         N/A       100%        2
 Slow                     Hex            0%         N/A       100%        2
 Conjure Flame            Conj/Fire      0%         6-21      100%        3
 Mephitic Cloud           Conj/Pois/Air  0%         N/A       100%        3


Dungeon Overview and Level Annotations

Branches:
Dungeon (2/15)

Altars:


Innate Abilities, Weirdness & Mutations

You are immune to sickness and miasma.
Your stone body is resilient. (AC +3)
You are immune to poison.
You resist negative energy. (rN+)
You are resistant to electric shocks. (rElec)
You are resistant to unholy torment.
You are immune to petrification.


Message History

The gnoll is almost dead.
The gnoll hits you but does no damage. The gnoll hits you with a +0 whip.
You are too injured to fight recklessly!
You slash the gnoll!
You kill the gnoll!
Things that are here:
a +0 whip; a gnoll corpse
There is a stone staircase leading down here.
You start resting.
HP restored.
You climb downwards.
You block the gnoll's attack.
There is a stone staircase leading up here.
You block the gnoll's attack.
You barely miss the gnoll. You block the gnoll's attack.
The gnoll hits you with a +4 halberd!
Ouch! That really hurt!
You barely miss the gnoll. The gnoll closely misses you.
You hit the gnoll.
The gnoll is moderately wounded.
The gnoll hits you with a +4 halberd.
* * * LOW HITPOINT WARNING * * *
You block the gnoll's attack.
Press: ? - help, v - describe, . - travel
Here: a gnoll, wielding a +4 halberd (moderately wounded)
The floor, spattered with blood.
Unknown command.
You feel very mighty all of a sudden. You block the gnoll's attack.
You hit the gnoll.
The gnoll is severely wounded.
You block the gnoll's attack.
You closely miss the gnoll.
The gnoll is severely wounded.
The gnoll hits you with a +4 halberd.
* * * LOW HITPOINT WARNING * * *
The gnoll hits you but does no damage.
You barely miss the gnoll.
The gnoll is severely wounded.
The gnoll hits you with a +4 halberd!
You die...

###g####...# #r# # #.#
####r######
#..÷......#
###.##.####.#
#####.......#
######.....g.##.....
#.........@#.#...###
#.#.....#.<#......# #
#.#........#........ .
..#.#.....#.##.##.####
# #.#.##...##.##.# .#
# #.#.##.........# #
### #.#.........####
<.###.#.........#
...##.#....)....#


You could see a gnoll.

Vanquished Creatures
  2 gnolls (D:1)
  A dart slug (D:1)
  A ball python (D:1)
  A giant cockroach (D:2)
  2 goblins
  2 hobgoblins
  6 jackals (D:2)
  3 bats
  A kobold (D:1)
  4 rats
23 creatures vanquished.

Notes
Turn   | Place    | Note
-------+----------+-------------------------------------------
     0 | D:1      | benadryl the Gargoyle Fighter began the quest for the Orb.
     0 | D:1      | Reached XP level 1. HP: 14/14 MP: 1/1
   184 | D:1      | Reached XP level 2. HP: 19/19 MP: 2/2
   471 | D:1      | Found a faded altar of an unknown god.
   937 | D:2      | Reached XP level 3. HP: 17/23 MP: 3/3
  1692 | D:2      | HP: 1/24 [gnoll/+4 halberd (6)]
  1693 | D:2      | Mangled by a gnoll

Illustrated notes

Levels and vault maps discovered:
D:1:      lemuel_arrival_river_passageway, layout_rooms,
          shapermc_ecumenical_altar_flowoftime
D:2:      layout_loops_corners, uniq_crazy_yiuf_cottage

Skill      XL: |  1 |
---------------+----+-----
Axes           | 2 |  2.8
Fighting       | |  3.7
Armour         | |  3.2
Shields        | |  3.7

Action                   || total
-------------------------++-------
Melee: War axe           ||    84
  Use: Scroll            ||     2
       Potion            ||     1
Armor: Scale mail        ||    46
Dodge: Dodged            ||    25
Block: Kite shield       ||    58

Table legend: (Time is in decaauts)
 A = Elapsed time spent in this place.
 B = Non-inter-level travel time spent in this place.
 C = Inter-level travel time spent in this place.
 D = Time resting spent in this place.
 E = Time spent auto-exploring this place.
 F = Levels seen in this place.
 G = Mean time per level.
                   A        B        C        D        E       F      G
               +--------+--------+--------+--------+--------+-----+--------+
         Total |   1754 |   1700 |     54 |    693 |    713 |   2 |  877.0 |
       Dungeon |   1754 |   1700 |     54 |    693 |    713 |   2 |  877.0 |
               +--------+--------+--------+--------+--------+-----+--------+

Top non-repeatable levels by time:
     D:1: 1230 daAuts
     D:2: 523 daAuts
